 Dungeon Crawl Stone Soup version 0.20-a0-983-g35de22d (webtiles) character file.

1898 Ordine the Thaumaturge (level 8, -4/45 HPs)
             Began as a Deep Elf Wizard on Apr 10, 2017.
             Was a Believer of Vehumet.
             Shot with an arrow by a centaur (16 damage)
             ... on level 6 of the Dungeon.
             The game lasted 00:31:19 (7026 turns).

Ordine the Thaumaturge (Deep Elf Wizard)            Turns: 7026, Time: 00:31:20

Health: -4/45      AC:  3    Str:  4    XL:     8   Next: 93%
Magic:  12/23      EV: 14    Int: 26    God:    Vehumet [**....]
Gold:   279        SH:  0    Dex: 13    Spells: 17/26 levels left

rFire    . . .     SeeInvis .   e - +1 whip (venom)
rCold    . . .     Gourm    +   (no shield)
rNeg     . . .     Faith    .   a - +0 robe
rPois    .         Spirit   .   b - +0 hat
rElec    .         Reflect  .   (no cloak)
rCorr    .         Harm     .   f - +0 pair of gloves
MR       .....                  (no boots)
Stlth    ++........             n - amulet of the gourmand
Regen    0.2/turn               (no ring)
MPRegen  0.2/turn               (no ring)

@: no status effects
A: no striking features
a: Renounce Religion


You were on level 6 of the Dungeon.
You worshipped Vehumet.
Vehumet was pleased with you.
You were completely stuffed.

You visited 2 branches of the dungeon, and saw 7 of its levels.

You collected 279 gold pieces.

Inventory:

Hand Weapons
 e - a +1 whip of venom (weapon)
Armour
 a - a +0 robe (worn)
 b - a +0 hat (worn)
 f - a +0 pair of gloves (worn)
Jewellery
 n - an amulet of the gourmand (around neck)
 p - an uncursed amulet of harm {unknown}
Wands
 q - a wand of flame (12/48)
Scrolls
 s - a scroll of immolation
Potions
 g - a potion of invisibility
 h - a potion of curing
 k - a potion of flight {unknown}
 l - a potion of mutation {unknown}
 m - a potion of magic {unknown}
 o - a potion of resistance {unknown}
Books
 c - a book of Minor Magic

   Spells                             Type                      Level
   a - Magic Dart                     Conjuration                  1
   b - Blink                          Translocation                2
   c - Call Imp                       Summoning                    2
   d - Slow                           Hexes                        2
   e - Conjure Flame                  Conjuration/Fire             3
   f - Mephitic Cloud                 Conjuration/Poison/Air       3
Comestibles
 d - 6 bread rations
 i - a meat ration
 j - 7 fruits


   Skills:
 + Level 2.8 Fighting
 + Level 5.0 Dodging
 - Level 2.4 Stealth
 * Level 9.8 Spellcasting
 + Level 5.2 Conjurations
   Level 1.1 Summonings
 - Level 2.0 Translocations
 + Level 4.3 Fire Magic
 + Level 4.0 Air Magic


You had 17 spell levels left.
You knew the following spells:

 Your Spells              Type           Power        Failure   Level  Hunger
a - Magic Dart            Conj           ####         1%          1    None
b - Blink                 Tloc           N/A          3%          2    None
c - Conjure Flame         Conj/Fire      #####...     1%          3    None
d - Mephitic Cloud        Conj/Pois/Air  ####....     4%          3    None


Dungeon Overview and Level Annotations

Branches:
Dungeon (6/15)             Temple (1/1) D:5

Altars:
Ashenzari
Cheibriados
Dithmenos
Elyvilon
Fedhas
Gozag
Hepliaklqana
Kikubaaqudgha
Makhleb
Nemelex Xobeh
Okawaru
Qazlal
Ru
Sif Muna
Trog
Uskayaw
Vehumet
Wu Jian
Xom
Yredelemnul
Zin
The Shining One

Shops:
D:5 (


Message History

Casting: Magic Dart
Confirm with . or Enter, or press ? or * to list all spells.
Aiming: Magic Dart
Press: ? - help, Shift-Dir - straight line, f/p - centaur
Aim: a centaur, wielding a shortbow (heavily wounded, confused)
The magic dart hits the centaur.
The centaur is heavily wounded.
The centaur seems less confused.
The centaur shoots an arrow.
The arrow closely misses you.
The centaur shoots an arrow.
The arrow hits you!
Casting: Magic Dart
Confirm with . or Enter, or press ? or * to list all spells.
Aiming: Magic Dart
Press: ? - help, Shift-Dir - straight line, f/p - centaur
Aim: a centaur, wielding a shortbow (heavily wounded)
The magic dart hits the centaur.
The centaur is severely wounded.
The centaur shoots an arrow.
The arrow hits you!
* * * LOW HITPOINT WARNING * * *
The centaur shoots an arrow.
The arrow hits you!
You die...

..............#
..............#
..............#
..............c.#
.................# #
..>..............##
#
..................#
#
#.................#
#
###.............@..#
##
.####.........##(..#
#.
#..####.....####(..#
##. .##..###..###
#...## ##..
...##....## ##(..#
##... .....#..##
#...# ##....
...####..# #...#
#..... .### ##.##
#...# #..... ## #..#
#...## #.....


You could see a centaur.

Vanquished Creatures
  Grinder (D:4)
  The ghost of M4edhros the Grave Robber, an amateur SpNe (D:5)
  An ogre (D:4)
  4 centaurs
  4 big kobolds (D:5)
  A bullfrog (D:6)
  2 scorpions
  A howler monkey (D:4)
  4 crimson imps
  A bullfrog zombie (D:5)
  2 hounds
  2 orc priests
  An orc wizard (D:5)
  An iguana (D:5)
  2 worker ants (D:6)
  A howler monkey zombie (D:5)
  A worker ant zombie (D:5)
  A howler monkey skeleton (D:4)
  2 gnolls (D:5)
  13 adders
  An adder skeleton (D:6)
  5 worms
  5 dart slugs
  5 leopard geckos
  12 orcs
  2 ball pythons (D:2)
  10 bats
  5 giant cockroaches
  14 hobgoblins
  6 jackals
  45 kobolds
  3 quokkas
  4 frilled lizards
  11 goblins
  A jackal zombie (D:6)
  2 leopard gecko skeletons
  10 rats
187 creatures vanquished.

Vanquished Creatures (others)
  A frilled lizard (D:1)
1 creature vanquished.

Grand Total: 188 creatures vanquished

Notes
Turn   | Place    | Note
-------+----------+-------------------------------------------
     0 | D:1      | Ordine the Deep Elf Wizard began the quest for the Orb.
     0 | D:1      | Reached XP level 1. HP: 10/10 MP: 7/7
   298 | D:1      | Reached XP level 2. HP: 15/15 MP: 0/9
   412 | D:1      | Reached skill level 5 in Spellcasting
   525 | D:1      | Learned a level 2 spell: Blink
  1040 | D:2      | Found a shimmering altar of Xom.
  1041 | D:2      | Found a shimmering altar of Xom.
  1043 | D:2      | Found a shimmering altar of Xom.
  1044 | D:2      | Found a shimmering altar of Xom.
  1044 | D:2      | Found a shimmering altar of Xom.
  1109 | D:2      | Reached XP level 3. HP: 17/19 MP: 4/11
  1460 | D:2      | Learned a level 3 spell: Conjure Flame
  1464 | D:2      | Learned a level 3 spell: Mephitic Cloud
  1571 | D:2      | Reached XP level 4. HP: 20/24 MP: 0/13
  2031 | D:3      | Reached skill level 6 in Spellcasting
  2036 | D:3      | Reached skill level 1 in Fire Magic
  2193 | D:3      | Noticed an angel
  2194 | D:3      | Found a glowing silver altar of Zin.
  2779 | D:3      | Reached XP level 5. HP: 28/28 MP: 10/15
  2980 | D:4      | Reached skill level 1 in Air Magic
  3295 | D:4      | Noticed an ogre
  3303 | D:4      | Killed an ogre
  3303 | D:4      | Reached skill level 7 in Spellcasting
  3303 | D:4      | Reached XP level 6. HP: 32/32 MP: 4/18
  3483 | D:4      | Noticed Grinder
  3498 | D:4      | Killed Grinder
  3498 | D:4      | Reached skill level 1 in Fighting
  3498 | D:4      | Reached XP level 7. HP: 27/38 MP: 6/20
  3910 | D:4      | Found a blossoming altar of Fedhas.
  3913 | D:4      | Found a radiant altar of Vehumet.
  3918 | D:4      | Became a worshipper of Vehumet
  3920 | D:4      | Found a glowing golden altar of the Shining One.
  3921 | D:4      | Found a snail-covered altar of Cheibriados.
  3921 | D:4      | Found a shadowy altar of Dithmenos.
  3921 | D:4      | Found a hide-covered altar of Uskayaw.
  3921 | D:4      | Found a sacrificial altar of Ru.
  3922 | D:4      | Found an opulent altar of Gozag.
  3923 | D:4      | Found a white marble altar of Elyvilon.
  3924 | D:4      | Found a shattered altar of Ashenzari.
  3926 | D:4      | Found an ornate altar of the Wu Jian Council.
  4042 | D:5      | Entered Level 5 of the Dungeon
  4092 | D:5      | Reached skill level 8 in Spellcasting
  4102 | D:5      | Noticed M4edhros's ghost (amateur SpNe)
  4293 | D:5      | Found Xexkev's Weapon Boutique.
  4385 | D:5      | Found a staircase to the Ecumenical Temple.
  4392 | Temple   | Entered the Ecumenical Temple
  4527 | D:5      | Killed M4edhros's ghost
  4743 | D:5      | Reached XP level 8. HP: 18/44 MP: 12/22
  5002 | D:5      | Reached * piety under Vehumet
  5002 | D:5      | Offered knowledge of Shock by Vehumet.
  5297 | D:5      | Reached skill level 9 in Spellcasting
  5485 | D:5      | Reached ** piety under Vehumet
  5485 | D:5      | Offered knowledge of Sting by Vehumet.
  6261 | D:6      | Reached skill level 5 in Conjurations
  6540 | D:6      | Reached skill level 5 in Dodging
  6787 | D:6      | Offered knowledge of Searing Ray by Vehumet.
  7026 | D:6      | Shot with an arrow by a centaur

Vault maps used:
D:1:      saegor_arrival_miasma, minivault_11
D:2:      xom_redecorated, minmay_splitting_lines
D:3:      zin_angel
D:4:      minitemple, minmay_goblin_outpost, uniq_grinder
D:5:      minmay_goblin_kobold_castle, minmay_temple_entry_glass, first_bread,
          serial_shops, shop
Temple:   kb_temple_of_zot

Skill      XL: |  1  2  3  4  5  6  7  8 |
---------------+-------------------------+-----
Spellcasting   | 5 6 7 8 9 |  9.8
Conjurations   | 2 3 4 5 |  5.2
Translocations | 2 |  2.0
Fire Magic     | 1 2 3 4 |  4.3
Air Magic      | 1 2 3 4 |  4.0
Fighting       | 1 2 |  2.8
Dodging        | 3 5 |  5.0
Stealth        | |  2.4
Summonings     | |  1.1

Action                   |  1- 3 |  4- 6 |  7- 9 || total
-------------------------+-------+-------+-------++-------
Melee: Whip              |     1 |     7 |     8 ||    16
 Cast: Magic Dart        |    85 |   146 |   336 ||   567
       Mephitic Cloud    |       |     1 |    13 ||    14
  Use: Scroll            |     5 |     2 |     5 ||    12
  Eat: Chunk             |     2 |     6 |    21 ||    29
Armor: Robe              |       |     1 |    15 ||    16
Dodge: Dodged            |    11 |    26 |    61 ||    98
